 Dungeon Crawl Stone Soup version 0.25.0-1-g7eea58d2a3 (webtiles) character file.

Game seed: 14538022604271787889

266 xccam the Chopper (level 6, 0/37 HPs)
             Began as a Gargoyle Fighter on June 13, 2020.
             Was a Follower of Cheibriados.
             Killed by divine providence
             ... invoked by an orc priest
              (12 damage)
             ... on level 3 of the Dungeon.
             The game lasted 00:03:12 (2676 turns).

xccam the Chopper (Gargoyle Fighter)                Turns: 2676, Time: 00:03:13

Health: 0/37       AC: 14    Str: 24    XL:     6   Next: 20%
Magic:  6/6        EV:  7    Int: 12    God:    Cheibriados [*.....]
Gold:   113        SH:  9    Dex: 12    Spells: 5/5 levels left

rFire    + . .     SeeInvis .   a - +0 war axe
rCold    . . .     Gourm    .   c - +0 kite shield
rNeg     + . .     Faith    .   b - +0 scale mail
rPois    ∞         Spirit   .   h - +0 helmet
rElec    +         Reflect  .   r - +1 cloak
rCorr    .         Harm     .   (no gloves)
MR       .....                  (no boots)
Stlth    ..........             g - amulet of regeneration
HPRegen  0.52/turn              n - ring of protection from fire
MPRegen  0.10/turn              (no ring)

@: brilliant, flying, very slow
A: negative energy resistance 1, electricity resistance, unbreathing,
petrification resistance, rot immunity, AC +4
a: Bend Time, Renounce Religion


You were on level 3 of the Dungeon.
You worshipped Cheibriados.
Cheibriados was aware of your devotion.
You were not hungry.

You visited 1 branch of the dungeon, and saw 3 of its levels.

You collected 113 gold pieces.

Inventory:

Hand Weapons
 a - a +0 war axe (weapon)
Armour
 b - a +0 scale mail (worn)
 c - a +0 kite shield (worn)
 h - a +0 helmet (worn)
 r - a +1 cloak (worn)
Jewellery
 g - an amulet of regeneration (around neck)
 n - a ring of protection from fire (left hand)
Wands
 v - a wand of polymorph (7)
Scrolls
 d - 2 scrolls of magic mapping {unknown}
 e - 2 scrolls of teleportation {unknown}
 k - 2 scrolls of random uselessness {unknown}
 o - 4 scrolls of identify {unknown}
 p - a scroll of remove curse {unknown}
 q - a scroll of blinking {unknown}
 t - 2 scrolls of enchant armour {unknown}
 w - a scroll of enchant weapon {unknown}
 x - a scroll of noise {unknown}
Potions
 s - a potion of invisibility {unknown}
Comestibles
 f - 9 rations
 u - 2 chunks of flesh


   Skills:
 - Level 3.2 Fighting
 + Level 5.8 Axes
 - Level 3.2 Armour
 - Level 3.2 Shields


You had 5 spell levels left.
You didn't know any spells.
Your spell library contained the following spells:

 Spells                   Type           Power        Failure   Level  Hunger
 Animate Skeleton         Necr           N/A          98%         1    None
 Apportation              Tloc           #.....       98%         1    None
 Corona                   Hex            #......      98%         1    None
 Summon Small Mammal      Summ           #...         98%         1    None


Dungeon Overview and Level Annotations

Branches:
Dungeon (3/15)

Altars:
Cheibriados
Nemelex Xobeh
Ru


Innate Abilities, Weirdness & Mutations

You are resistant to torment.
Your stone body is resilient. (AC +4)
You are immune to poison.
You resist negative energy. (rN+)
You are resistant to electric shocks. (rElec)
You can survive without breathing.
You are immune to petrification.
You are immune to rotting.


Message History

You feel clever all of a sudden. The orc hits you but does no damage.
It was a potion of curing.
You feel better. You block the orc's attack.
It was a potion of magic.
Magic courses through your body. You block the orc's attack.
It was a potion of flight.
You feel very buoyant.
You fly up into the air.
You block the orc's attack.
You slash the orc!
You kill the orc!
Cheibriados thoroughly appreciates the change of pace.
The orc priest invokes the aid of Beogh against you.
Beogh smites you!
* * * LOW HITPOINT WARNING * * *
You completely miss the orc priest. The orc priest barely misses you. x2
You slash the orc priest!
The orc priest is almost dead.
The orc priest invokes the aid of Beogh against you.
Beogh smites you!
You die...

.# #..>.... #.# #.
#....... #.#
#.##.###### #.#
##.#÷#.### #.#
##...###..###
#S#......#.#.#....
#o######.#...#.###
#o# #...#...# #@#
###...###
#.#########.##
#...........#
#############


You could see 2 orc priests and a ball python.

Vanquished Creatures
  A phantom (D:2)
  A crimson imp (D:3)
  Crazy Yiuf (D:2)
  A gnoll (D:1)
  3 adders
  A worm (D:2)
  A dart slug (D:1)
  A leopard gecko (D:2)
  13 orcs
  A giant cockroach (D:3)
  5 goblins
  6 hobgoblins
  4 jackals (D:3)
  A ball python (D:1)
  5 bats
  7 frilled lizards
  5 kobolds
  9 rats
66 creatures vanquished.

Notes
Turn   | Place    | Note
-------+----------+-------------------------------------------
     0 | D:1      | xccam the Gargoyle Fighter began the quest for the Orb.
     0 | D:1      | Reached XP level 1. HP: 14/14 MP: 1/1
    81 | D:1      | Reached skill level 2 in Axes
    81 | D:1      | Reached XP level 2. HP: 4/19 MP: 2/2
   390 | D:1      | Reached skill level 3 in Axes
   835 | D:1      | Reached XP level 3. HP: 22/23 MP: 3/3
  1042 | D:2      | Found a snail-covered altar of Cheibriados.
  1252 | D:2      | Noticed a phantom
  1264 | D:2      | Killed a phantom
  1264 | D:2      | Reached skill level 4 in Axes
  1264 | D:2      | Reached XP level 4. HP: 28/28 MP: 4/4
  1264 | D:2      | Reached XP level 5. HP: 32/32 MP: 5/5
  1462 | D:2      | Found a sacrificial altar of Ru.
  1553 | D:2      | Became a worshipper of Cheibriados the Contemplative
  1647 | D:2      | Found a runed translucent door.
  1648 | D:2      | Noticed Crazy Yiuf
  1803 | D:2      | Killed Crazy Yiuf
  1803 | D:2      | Reached skill level 5 in Axes
  2349 | D:3      | Noticed Grinder
  2360 | D:3      | Paralysed by Grinder for 5 turns
  2368 | D:3      | Noticed Grinder
  2368 | D:3      | Grinder changed into Grinder the crimson imp
  2391 | D:3      | Killed Grinder the crimson imp
  2391 | D:3      | Reached XP level 6. HP: 37/37 MP: 6/6
  2469 | D:3      | Reached * piety under Cheibriados
  2607 | D:3      | Found a sparkling altar of Nemelex Xobeh.
  2676 | D:3      | Killed from afar by an orc priest

Illustrated notes

Levels and vault maps discovered:
D:1:      dpeg_arrival_leaves_temple_mockup, layout_basic
D:2:      layout_loops_corners, lemuel_round_altar, hangedman_ru_absence,
          uniq_crazy_yiuf_cottage
D:3:      minmay_door_path, layout_loops_ring, nemelex_spade_bored_becter,
          uniq_grinder

Skill      XL: |  1  2  3  4  5 |
---------------+----------------+-----
Axes           | 2 3 4 5 |  5.8
Fighting       | |  3.2
Armour         | |  3.2
Shields        | |  3.2

Action                   |  1- 3 |  4- 6 || total
-------------------------+-------+-------++-------
Melee: War axe           |    63 |   176 ||   239
Evoke: Wand              |       |     1 ||     1
  Use: Potion            |     1 |     4 ||     5
  Eat: Chunk             |     1 |     5 ||     6
Armor: Scale mail        |    29 |    94 ||   123
Dodge: Dodged            |    27 |    57 ||    84
Block: Kite shield       |    34 |   103 ||   137
